 Dungeon Crawl Stone Soup version 0.19-a0-36-g4a0968a (webtiles) character file.

84 M4edhros the Sneak (level 4, -3/28 HPs)
             Began as an Octopode Artificer on May 4, 2016.
             Slain by a giant frog (4 damage)
             ... on level 3 of the Dungeon.
             The game lasted 00:01:29 (1316 turns).

M4edhros the Sneak (Octopode Artificer)             Turns: 1316, Time: 00:01:29

Health: -3/28      AC:  1    Str: 10    XL:     4   Next: 45%
Magic:  6/6        EV: 12    Int: 19    God:
Gold:   72         SH:  0    Dex: 13    Spells: 0 memorised, 3 levels left

rFire  . . .     SeeInvis .     a - +0 short sword
rCold  . . .     Gourm    .     (no shield)
rNeg   . . .     Faith    +     (helmet restricted)
rPois  .         Spirit   .     o - amulet of faith
rElec  .         Dismiss  .     (no ring)
rCorr  .         Reflect  .     (no ring)
SustAt .         Harm     .     (no ring)
MR     .....                    (no ring)
Stlth  ++++......               (no ring)
                                (no ring)
                                (no ring)
                                (no ring)

@: brilliant, flying, not resistant to hostile enchantments, stealthy
A: almost no armour, amphibious, 8 rings, constrict 8, camouflage 1, gelatinous
body 1
a: no special abilities


You were on level 3 of the Dungeon.
You were not hungry.

You visited 1 branch of the dungeon, and saw 3 of its levels.

You collected 72 gold pieces.

Inventory:

Hand Weapons
 a - a +0 short sword (weapon)
 k - a +0 hunting sling
Missiles
 l - 24 stones (quivered)
Jewellery
 o - an amulet of faith (around mantle)
Wands
 b - a wand of flame (15/48)
 c - a wand of enslavement (15/24)
 d - a wand of random effects (15/48)
Scrolls
 h - a scroll of magic mapping {unknown}
 j - a scroll of fear {unknown}
Potions
 e - a potion of curing {unknown}
 g - a potion of flight
 m - 2 potions of magic
Comestibles
 f - 2 bread rations
 p - a beef jerky


   Skills:
 - Level 1.0 Fighting
 - Level 1.0 Short Blades
 + Level 1.4 Slings
 - Level 2.0 Dodging
 + Level 5.4 Stealth
 - Level 3.2 Evocations


You had 3 spell levels left.
You didn't know any spells.

Dungeon Overview and Level Annotations

Branches:
Dungeon (3/15)

Altars:

Annotations:
D:2 Robin
D:3 M4edhros's ghost, amateur OpAr


Innate Abilities, Weirdness & Mutations

You cannot wear most types of armour.
You are amphibious.
You can wear up to eight rings at the same time.
You can use your tentacles to constrict eight enemies at once.
Your skin changes colour to match your surroundings (Stealth).
Your rubbery body absorbs attacks (AC +1).


Message History

You release your grip on the giant frog.
Unknown command.
Unknown command.
Unknown command.
The giant frog hits you.
* * * LOW HITPOINT WARNING * * *
Unknown command.
Unknown command.
Unknown command.
Drink which item? (? for menu, Esc to quit)
It was a potion of brilliance.
You feel clever all of a sudden. The giant frog barely misses you.
Unknown command.
Unknown command.
Unknown command.
Drink which item? (? for menu, Esc to quit)
It was a potion of cure mutation.
It has a very clean taste.
The giant frog barely misses you. The giant frog hits you.
You die...

.######## ........##
.........################
.......o@...............)
####...F##########.<.....
##..o....# #.......
#.........# #.......
#..........####.......
###...................
#........(..#.......
...........##.......
.........####.......


You could see a giant frog and 2 orcs.

Vanquished Creatures
  Jessica (D:3)
  2 adders
  A worm (D:2)
  2 dart slugs (D:1)
  A giant gecko (D:1)
  7 bats
  A giant cockroach (D:3)
  7 goblins
  4 hobgoblins (D:1)
  2 giant newts (D:1)
  5 rats
33 creatures vanquished.

Notes
Turn   | Place    | Note
--------------------------------------------------------------
     0 | D:1      | M4edhros the Octopode Artificer began the quest for the Orb.
     0 | D:1      | Reached XP level 1. HP: 13/13 MP: 3/3
    17 | D:1      | Reached skill level 2 in Stealth
   299 | D:1      | Reached skill level 3 in Stealth
   299 | D:1      | Reached XP level 2. HP: 16/18 MP: 4/4
   486 | D:1      | Reached skill level 4 in Stealth
   497 | D:1      | Reached XP level 3. HP: 23/23 MP: 5/5
  1066 | D:3      | Reached skill level 5 in Stealth
  1081 | D:3      | Noticed Jessica
  1088 | D:3      | Killed Jessica
  1088 | D:3      | Reached skill level 1 in Slings
  1088 | D:3      | Reached XP level 4. HP: 15/28 MP: 6/6
  1257 | D:3      | Noticed M4edhros's ghost (amateur OpAr)
  1270 | D:2      | Noticed Robin
  1306 | D:3      | Noticed a giant frog
  1314 | D:3      | HP: 1/28 [giant frog (1)]
  1316 | D:3      | Slain by a giant frog

Vault maps used:
D:1:      minmay_arrival_glassed_features, serial_glass, glass_columns_a,
          glass_columns_b, roderic_roman_lattice, minivault_4,
          hangedman_feature_mirror, minmay_unequal
D:2:      overflow_temple_1_default, uniq_robin
D:3:      ecumenical_altar_1, hangedman_decor_growths, uniq_terence,
          uniq_jessica

Skill      XL: |  1  2  3 |
---------------+----------+-----
Stealth        | 3 4 5 |  5.4
Slings         | 1 |  1.4
Fighting       | |  1.0
Short Blades   | |  1.0
Dodging        | |  2.0
Evocations     | |  3.2

Action                   |  1- 3 |  4- 6 || total
-------------------------+-------+-------++-------
Melee: Short sword       |    50 |    11 ||    61
       Constrict         |    13 |     3 ||    16
       Tentacles         |    10 |     1 ||    11
  Use: Potion            |       |     4 ||     4
 Stab: Sleeping          |    11 |       ||    11
  Eat: Chunk             |       |     1 ||     1
Armor: Skin              |     3 |     1 ||     4
Dodge: Dodged            |    13 |    11 ||    24
